Cogmind - Beta 13 @@@ ROGUE MODE // 2024.05.05 @ 15:42:25 Player: CONM Result: Destroyed by S-10 Pest with Light Assault Rifle Performance ------------- Evolutions (1) 500 Regions Visited (2) 400 Robots Destroyed (21) 105 Value Destroyed (284) 284 Prototype IDs (0) 0 Alien Tech Used (0) 0 Bonus (0) 0 TOTAL SCORE: 1289 Bonus ------- None Cogmind --------- Core Integrity 0/400 Matter 290/300 Energy 65/100 System Corruption 0% Temperature Cool (6) Movement Core (250) Ox4 Location -9/Materials Parts ------- > --- POWER (1) -------- (None) > --- PROPULSION (3) --- (None) > --- UTILITY (3) ------ Medium Storage Unit > --- WEAPON (2) ------- Heavy EM Pulse Gun > --- INVENTORY (10) --- Light Ion Engine Large Storage Unit Huge Storage Unit Terrain Scan Processor Seismic Detector Peak State ------------ > --- POWER ------------ Light Ion Engine > --- PROPULSION ------- Improved Aluminum Leg Improved Aluminum Leg Improved Aluminum Leg > --- UTILITY ---------- Small Storage Unit Improved Terrain Scanner Improved Terrain Scanner > --- WEAPON ----------- Mining Laser > --- INVENTORY -------- Light Ion Engine Improved Aluminum Leg Improved Aluminum Leg Large Storage Unit Seismic Detector Light Armor Plating Heavy EM Pulse Gun [Rating: 16] Favorites ----------- Power Light Ion Engine Engine Light Ion Engine Propulsion Light Treads Treads Light Treads Leg Improved Aluminum Leg Utility Small Storage Unit Device Improved Terrain Scanner Storage Small Storage Unit Protection Light Armor Plating Weapon EM Pulse Gun Energy Gun EM Pulse Gun Launcher Grenade Launcher Special Weapon Mining Laser Build | -11 -10 -9 ------- Run | Yrd Mat Mat Slots Evolved 2 | . . 2 Power . | . . . Propulsion 1 | . . 1 Utility 1 | . . 1 Weapon . | . . . Parts Attached 20 | 8 1 11 Power 1 | 1 . . Engine 1 | 1 . . Core . | . . . Reactor . | . . . Propulsion 7 | 2 . 5 Treads 2 | 2 . . Leg 5 | . . 5 Wheel . | . . . Hover . | . . . Flight . | . . . Utility 6 | 3 . 3 Device 3 | 2 . 1 Storage 2 | 1 . 1 Processor . | . . . Hackware . | . . . Protection 1 | . . 1 Artifact . | . . . Weapon 6 | 2 1 3 Energy Gun 4 | 2 . 2 Energy Cannon . | . . . Ballistic Gun . | . . . Ballistic Cannon . | . . . Launcher 1 | . 1 . Special Weapon 1 | . . 1 Impact Weapon . | . . . Slashing Weapon . | . . . Piercing Weapon . | . . . Special Melee Weapon . | . . . Unidentified Prototypes . | . . . Parts Lost 14 | . 1 13 Power 1 | . . 1 Propulsion 5 | . . 5 Utility 4 | . . 4 Weapon 4 | . 1 3 Highest Loss Streak 6 | . 1 6 To Critical Strikes . | . . . Average Slot Usage (%) 78 | . 92 62 Engine 10 | . 14 7 Treads 15 | . 28 1 Leg 9 | . . 21 Device 12 | . 14 10 Storage 13 | . 14 12 Energy Gun 13 | . 21 5 Special Weapon 1 | . . 3 Naked Turns . | . . . Heaviest Build 16 | 13 14 16 Greatest Support 40 | 40 40 40 Greatest Overweight (x) 3 | 1 . 3 Average Overweight (x) . | . . . Largest Inventory Capacity 10 | 8 8 10 Average Capacity 8 | 7 8 8 Most Carried 8 | 4 6 8 Average Carried 4 | 1 4 6 Final Capacity 10 | 8 8 10 Final Carried 6 | 4 6 5 Class Distribution -------------------- 100% | Mutant Dominant Class ---------------- Mutant | -10/Materials Mutant | -9/Materials Resources | -11 -10 -9 ----------- Run | Yrd Mat Mat Matter Collected 275 | 265 10 . Remotely . | . . . Salvage Created 437 | 200 237 . Parts 40 | 17 23 . Haulers Intercepted 1 | . 1 . Recyclers Shooed . | . . . Parts Field Recycled . | . . . Retrieved Matter . | . . . Parts Self-Destructed . | . . . Prevented . | . . . Kills | -11 -10 -9 ------- Run | Yrd Mat Mat Combat Hostiles Destroyed 6 | . 6 . Guns 3 | . 3 . AOE 3 | . 3 . Classes Destroyed 9 | 3 6 . Worker 2 | 1 1 . Builder 3 | . 3 . Tunneler 6 | 6 . . Hauler 1 | . 1 . Recycler 1 | 1 . . Operator 1 | . 1 . Watcher 1 | . 1 . Swarmer 3 | . 3 . Grunt 3 | . 3 . Best Kill Streak 9 | 5 9 . Combat Bots Only 5 | . 5 . Max Kills in Single Turn 4 | 2 4 . Gunslinging . | . . . Exploded 1 | . 1 . Melee . | . . . Uniques/NPCs Destroyed . | . . . Combat | -11 -10 -9 -------- Run | Yrd Mat Mat Hostile Shots Fired 235 | . 37 198 Missed 89 | . 13 76 Damage Taken 1927 | 20 439 1468 Core 487 | 10 76 401 Absorbed by Shields . | . . . Core Remaining (%) 80 | 96 65 . Volleys Fired 37 | 10 21 6 Largest 2 | 2 2 1 Hottest 80 | 80 80 65 Shots Fired 63 | 20 37 6 Gun 62 | 20 36 6 Cannon . | . . . Launcher 1 | . 1 . Special . | . . . Kinetic . | . . . Thermal 4 | . . 4 Explosive 1 | . 1 . Electromagnetic 58 | 20 36 2 Robot Hit Streak 9 | 9 9 . Robot Miss Streak 2 | 1 2 2 Penetration Max . | . . . Secondary Targets 1 | . 1 . Max Gunslinging Chain 1 | . 1 . Shots Hit Robots 38 | 14 24 . Core Hits 25 | 7 17 1 Critical Kills . | . . . Critical Parts Destroyed . | . . . Critical Strikes . | . . . Melee Attacks . | . . . Impact . | . . . Slashing . | . . . Piercing . | . . . Sneak Attacks . | . . . Combat Hostiles . | . . . Follow-up Attacks . | . . . Damage Inflicted 1184 | 234 918 32 Guns 471 | 175 296 . Cannons . | . . . Explosions 673 | 53 620 . Melee . | . . . Ramming 40 | 6 2 32 Kinetic . | . . . Thermal 338 | 53 285 . Explosive 335 | . 335 . Electromagnetic 471 | 175 296 . Impact . | . . . Slashing . | . . . Piercing . | . . . Highest Corruption . | . . . Average Corruption . | . . . Corruption Purged . | . . . Corruption Blocked . | . . . Overload Shots . | . . . Overflow Damage 63 | . 63 . Projectiles . | . . . Explosions 63 | . 63 . Melee . | . . . Knockbacks . | . . . Impact . | . . . Kinetic . | . . . Secondary . | . . . Self-Inflicted Damage 224 | 20 204 . Shots 6 | 1 5 . Rammed 7 | 5 2 . Targets Rammed 23 | 6 2 15 Kicked 15 | . . 15 Crushed 1 | 1 . . Highest Temperature 148 | 54 129 148 Average Temperature 42 | 21 44 69 Received Heat Transfer 732 | . 90 642 Siege Activations . | . . . Robots Corrupted . | . . . Combat Hostiles . | . . . Parts Fried 2 | 1 1 . Impact Corruptions . | . . . Robots Melted . | . . . Combat Hostiles . | . . . Parts Melted . | . . . Heat Transferred 400 | 100 300 . Parts Sabotaged . | . . . Parts Stolen . | . . . Parts Stripped . | . . . Power Chain Reactions 3 | 1 2 . Alert | -11 -10 -9 ------- Run | Yrd Mat Mat Peak Influence 344 | 40 344 125 Initial 60 | . 26 60 Average 77 | 19 132 63 Maximum Alert Level 1 | . 1 . Low Security (%) 89 | 100 72 100 Level 1 10 | . 27 . Level 2 . | . . . Level 3 . | . . . Level 4 . | . . . Level 5 . | . . . High Security . | . . . Max Security . | . . . Squads Dispatched 6 | . 4 2 Investigation . | . . . Extermination . | . . . Reinforcement 6 | . 4 2 Assault . | . . . Garrison . | . . . Intercept . | . . . Searches Triggered . | . . . Construction Impeded . | . . . Haulers Reinforced . | . . . Active Scanning Responses . | . . . Cargo Convoy Interrupts . | . . . Stealth | -11 -10 -9 --------- Run | Yrd Mat Mat Distress Signals 1 | . . 1 Communications Jammed . | . . . Distress Signals . | . . . Times Spotted 39 | . 12 27 Peak Tracking Total 18 | . 3 18 Tactical Retreats 3 | . . 3 Traps | -11 -10 -9 ------- Run | Yrd Mat Mat Traps Triggered . | . . . Indirectly . | . . . Trap Hack Attempts . | . . . Triggered . | . . . Disarmed . | . . . Reprogrammed . | . . . Reused . | . . . Traps Extracted . | . . . Installed . | . . . Triggered . | . . . Machines | -11 -10 -9 ---------- Run | Yrd Mat Mat Machines Disabled 4 | . 4 . Max in Single Turn 2 | . 2 . Machines Repaired . | . . . Machines Dismantled . | . . . Machines Sabotaged . | . . . Overloaded Fab Kills . | . . . Hacking | -11 -10 -9 --------- Run | Yrd Mat Mat Machines Accessed 2 | . 2 . Terminals 1 | . 1 . Fabricators . | . . . Repair Stations . | . . . Recycling Units 1 | . 1 . Scanalyzers . | . . . Garrison Access . | . . . Total Hacks 3 | . 3 . Successful 2 | . 2 . Failed 1 | . 1 . Catastrophic . | . . . Database Lockouts . | . . . Manual . | . . . Terminals 1 | . 1 . Fabricators . | . . . Repair Stations . | . . . Recycling Units 2 | . 2 . Scanalyzers . | . . . Garrison Access . | . . . Terminal Hacks . | . . . Fabricator Hacks . | . . . Repair Station Hacks . | . . . Recycling Unit Hacks 2 | . 2 . Report Inventory 1 | . 1 . Retrieve Components 1 | . 1 . Scanalyzer . | . . . Garrison Access Hacks . | . . . Unauthorized Hacks . | . . . Terminals . | . . . Fabricators . | . . . Repair Stations . | . . . Recycling Units . | . . . Scanalyzers . | . . . Garrison Access . | . . . Data Cores Recovered . | . . . Used . | . . . Hacking Detections . | . . . Full Trace Events . | . . . Feedback Events . | . . . Feedback Blocked . | . . . Robot Schematics Acquired . | . . . Robots Built . | . . . Authchips . | . . . Time . | . . . Total Robot Build Rating . | . . . Part Schematics Acquired . | . . . Parts Built . | . . . Authchips . | . . . Time . | . . . Total Part Build Rating . | . . . Parts Repaired . | . . . Time . | . . . Parts Recycled . | . . . Recycled Matter . | . . . Retrieved Matter . | . . . Retrieved Components 1 | . 1 . Parts Scanalyzed . | . . . Part Schematics Acquired . | . . . Parts Damaged . | . . . Bothacking | -11 -10 -9 ------------ Run | Yrd Mat Mat Used RIF Installer . | . . . Robots Hacked . | . . . Non-combat . | . . . Combat . | . . . Robot Hacks Applied . | . . . Relay Couplers Released . | . . . Fabnet Peak Effective % . | . . . Robots Rewired . | . . . Allies Hacked . | . . . Hacks Repelled . | . . . Allies | -11 -10 -9 -------- Run | Yrd Mat Mat Total Allies . | . . . Largest Group . | . . . Highest-Rated Group . | . . . Highest-Rated Ally . | . . . Total Orders . | . . . Ally Attacks . | . . . Total Damage . | . . . Kills . | . . . Allies Corrupted . | . . . Allies Melted . | . . . Intel | -11 -10 -9 ------- Run | Yrd Mat Mat Robot Analysis Total . | . . . Derelict Logs Recovered . | . . . Drone Launches . | . . . Drone Recoveries . | . . . Exploration | -11 -10 -9 ------------- Run | Yrd Mat Mat Turns Passed 1328 | 367 508 453 Spaces Moved 810 | 202 277 331 Core 81 | 13 . 68 Treads 492 | 189 277 26 Legs 237 | . . 237 Wheels . | . . . Hover . | . . . Flight . | . . . Fastest Speed 50 | 50 160 100 Average Speed 143 | 154 160 122 Slowest Speed 200 | 160 160 200 Overloaded Moves . | . . . Propulsion Burnouts . | . . . Robots Hopped . | . . . Cave-ins Triggered . | . . . Exploration Rate (%) 28 | 8 37 39 Regions Visited 2 Branch Regions . Pre-discovered Areas . | . . . Known Exits Taken . | . . . Unknown Exits Taken 2 | 1 1 . Scrap Searched . | . . . Spaces Dug . | . . . Terrain Destroyed 81 | 3 78 . Melee . | . . . Projectile . | . . . AOE 81 | 3 78 . Terrain Rammed . | . . . Walls Destroyed . | . . . Machines Disabled . | . . . Actions | -11 -10 -9 --------- Run | Yrd Mat Mat Total 906 | 231 304 371 Wait . | . . . Move 808 | 201 276 331 Hop . | . . . Pick Up 14 | 5 3 6 Fast Attach 11 | 7 . 4 Attach 8 | . 1 7 Detach . | . . . Swap 1 | 1 . . Drop 4 | 1 1 2 Fire 37 | 10 21 6 Melee . | . . . Ram . | . . . Kick 15 | . . 15 Crush 8 | 6 2 . Escape Stasis . | . . . Rewire . | . . . Trap . | . . . Miscellaneous . | . . . Route ------- -11/Scrapyard -10/Materials -9/Materials History --------- Turn | Location | Event 29 | -11/Scrapyard | Discovered new exit (range 15) 368 | -11/Scrapyard | Entered Materials 369 | -10/Materials | Build established: Mutant 651 | -10/Materials | Discovered new exit (range 13) 876 | -10/Materials | Entered another Materials area 876 | -9/Materials | Evolved 2 slots: Propulsion x1, Utility x1 1229 | -9/Materials | Core integrity fell below 50% 1237 | -9/Materials | Lost 6 parts (1p3n1u1w) 1311 | -9/Materials | Core integrity fell below 20% 1329 | -9/Materials | Destroyed by S-10 Pest with Light Assault Rifle Last Messages --------------- 01173_ Imp. Aluminum Leg destroyed. 01173_ Critical hit (Burn: +37). 01173_ Imp. Aluminum Leg destroyed. 01174_ Lgt. Armor Plating destroyed. 01175_ M-13 Machinist repairs G-34 Mercenary. 01176_ Lgt. Ion Engine destroyed. 01190_ Acquired Huge Storage Unit. 01203_ Imp. Aluminum Leg destroyed. 01206_ Particle Gun destroyed. 01265_ Acquired Med. Storage Unit. 01272_ Kicked G-34 Mercenary. 01273_ Kicked G-34 Mercenary out of the way. 01282_ K-01 Serf destroyed. 01282_ Imp. Terrain Scanner destroyed. 01297_ Acquired Terrain Scan Processor. 01311_ Imp. Aluminum Leg destroyed. 01316_ Sml. Storage Unit destroyed. 01325_ Imp. Aluminum Leg destroyed. 01327_ S-10 Pest destroyed. Map ----- +----------------------------------------------------+ | ???????????????????????? ?# #??? | | ??????????????????????????# #??? ? | | ???????????????????????????# #????? ? | | ?????????????????#??????#??# #######+## | | ???? ####################### | | ???# | | ???# #### | | ???# = ####### ### | | ???# *%=# ## #?# | | ???# ! # ##[[!!]]#?# | | ???# + ##[[!!]]#?# | | ???# # [#########?# | | ???# # #?#???????# | | ???# ############ ### #?????????# | | ???# ############/### #?????????? | | ???# # ## #??#??????? | | ???# # """ """ """ ## #??????????+ | | ???# # """ """ """ #######?????????? | | ???# / """ """ """ #???????????????? | | ???# # #?????#?????????? | | ???# # [#????????????#???? | | ??## ###############????????????????? | | ??# # #?????????????????? | | ??# # #?????????????????? | | ??# #Ysss #?????????????????? | | ??# ggg % @ #?????????????????? | | ??# # g" """"" #?????????????????? | | ??# # """"""""" #?????????????????? | | ??# # """ """ #?????????????????? | | ??### ###############?????????????????? | | ????# ????????????????????????????????? | | ????# ????????????????????????????????? | | ????# ????????????????????????????????? | | ????# ????????????????????????????????? | | ???? ????????????????????????????????? | | ???# ????????????????????????????????? | | ???# ????????????????????????????????? | | ???# ?????????????????????????????????? | | ????? ??????????????????????????????????? | | ????????????????????????????????????????? | | ????????????????????????????????????????? | | ????????????????????????????????????????? | | ????????????????????????????????????????? | | ????????????????????????????????????????? | | ????????????????????????????????????????? | | ????????????????????????????????????????? | | ????????????????????????????????????????? | | ????????????????????????????????????????? | | ????????????????????????????????????????? | | ????????????????????????????????????????? | +----------------------------------------------------+ Best States ------------- Heat Dissipation 28 Energy Generation 10 Energy Capacity 125 Matter Stores 300 Matter Capacity 300 Sight Range 16 Terrain Scan Range 16 Terrain Scan Density 10 Armor Coverage 150 Evasion (%) 55 Recoil Reduction 2 Item Schematics ----------------- None Robot Schematics ------------------ None Fabricated ------------ Nothing Alien Tech Used ----------------- None Achievements -------------- None Challenges ------------ None Game ------ Seed CoreFieldThrower Manual? 0 Play Time 00:14:59 Cumulative 11.9 hours Start 2024.05.05 @ 15:27:16 End 2024.05.05 @ 15:42:25 Sessions 1 Manual Loads 0 Difficulty Rogue Special Mode None Game No. 26 Rogue 26 Adventurer 0 Explorer 0 Win Type - Total 0 Types 0/0/0/0/0/0/0/0/0 Lore% 14 Gallery% 12 Achievement% 12 Wizard Run 0 Options --------- Layout 1 ASCII 0 Keyboard 0 Movement Arrows Keybinds 0 Fullscreen 1 Font 24/Smallcaps Map View 50x40 Zoom Use 0% Tactical HUD 1 Map Filters NONE Filters NONE Steam 1 RUN: e5cd4cc9-b73c-40bb-8d16-4fb8d4b9f11d